Map: Ephemeron LE

Players

OKI - Winner!

  • Race: Zerg Zerg
  • Spawn Location: 5:00

NoRegreT

  • Race: Zerg Zerg
  • League: Master
  • Spawn Location: 11:00

Event: NationWars 2019

VOD

Have the link to the VOD?

Description

Time

  • Played on: Nov. 15, 2019, 4:17 p.m.
  • Length: 8:46
Show
View Real Time Build Order
Export as new Build Order

OKI Zerg - Winner!

Build Orders: Hatch First 

Get SALT Encoding   

  12  0:00  Drone  
  13  0:12  Overlord  
  13  0:17  Drone  
  14  0:30  Drone  
  14  0:31  Drone  
  16  0:48  Hatchery  
  15  0:51  Drone  
  15  0:55  Drone  
  17  0:58  Drone  
  18  1:10  Extractor  
  17  1:14  Spawning Pool  
  17  1:17  Drone  
  17  1:20  Drone  
  18  1:27  Drone  
  19  1:39  Drone  
  20  1:49  Overlord  
  20  2:00  Queen x2  
  24  2:01  Zergling x4  
  26  2:13  Zergling x4  
  28  2:17  Spine Crawler  
  27  2:24  Zergling x4  
  27  2:26  Spine Crawler  
  27  2:41  Zergling x4  
  27  2:49  Queen  
  27  2:50  Metabolic Boost  
  27  2:57  Zergling x2  
  27  2:58  Zergling x2  
  27  3:08  Queen  
  25  3:14  Zergling x4  
  24  3:28  Queen  
  24  3:31  Zergling x4  
  28  3:42  Zergling x2  
  28  3:43  Zergling x4  
  31  3:58  Queen  
  30  4:11  Zergling x8  
  30  4:15  Queen  
  32  4:25  Zergling x8  
  36  4:35  Zergling x4  
  26  4:45  Zergling x4  
  27  4:50  Queen  
  26  5:01  Zergling x6  
  29  5:09  Zergling x4  
  31  5:18  Queen  
  33  5:35  Zergling x6  
  32  5:44  Zergling x6  
  34  5:52  Zergling x2  
  34  6:01  Overlord  
  34  6:05  Drone  
  27  6:12  Zergling x8  
  27  6:15  Spine Crawler  
  30  6:23  Drone x2  
  32  6:29  Zergling x4  
  34  6:35  Drone x2  
  35  6:41  Drone  
  36  6:47  Zergling x2  
  36  6:51  Zergling x2  
  38  6:56  Zergling x8  
  42  7:03  Spine Crawler  
  42  7:05  Zergling x2  
  41  7:10  Zergling x2  
  33  7:24  Zergling x4  
  33  7:27  Queen  
  29  7:34  Zergling x2  
  29  7:35  Zergling x2  
  29  7:39  Queen  
  29  7:41  Zergling x4  
  28  7:49  Zergling x4  
  28  7:59  Zergling x2  
  28  8:00  Zergling x2  
  30  8:08  Spine Crawler  
  25  8:13  Zergling x2  
  25  8:14  Zergling x2  
  25  8:21  Zergling x2  
  25  8:22  Zergling x2  
Show
View Real Time Build Order
Export as new Build Order

NoRegreT Zerg 

Build Orders: 1 Base Baneling Bust, Pool Only, Zergling Baneling 

Get SALT Encoding   

  12  0:01  Drone  
  13  0:08  Extractor  
  12  0:24  Spawning Pool  
  11  0:29  Drone  
  11  0:33  Drone  
  13  0:40  Drone  
  14  0:52  Overlord  
  14  1:11  Zergling x4  
  16  1:12  Zergling x2  
  16  1:14  Metabolic Boost  
  17  1:29  Queen  
  19  1:33  Zergling x2  
  20  1:41  Baneling Nest  
  20  1:47  Zergling x2  
  20  1:53  Zergling x2  
  21  1:59  Overlord  
  21  2:08  Zergling x2  
  22  2:20  Zergling x2  
  23  2:29  Zergling x2  
  24  2:38  Baneling  
  24  2:39  Zergling x6  
  24  2:42  Zergling x2  
  25  2:53  Zergling x2  
  25  3:08  Zergling x2  
  22  3:14  Baneling x2  
  22  3:15  Zergling x2  
  22  3:16  Zergling x6  
  24  3:29  Zergling x2  
  24  3:37  Zergling x2  
  25  3:44  Baneling  
  25  3:45  Zergling x2, Baneling  
  26  3:50  Zergling x2  
  26  3:51  Zergling x2  
  26  3:52  Zergling x2  
  26  3:54  Baneling  
  29  4:03  Zergling x2  
  27  4:13  Zergling x2  
  27  4:14  Baneling x4  
  26  4:25  Zergling x4  
  26  4:30  Zergling x4  
  24  4:39  Baneling  
  24  4:40  Zergling x2  
  23  4:55  Zergling x2  
  23  4:57  Zergling x2  
  24  5:02  Baneling  
  24  5:03  Baneling  
  24  5:04  Zergling x2  
  24  5:08  Overlord  
  24  5:17  Baneling  
  24  5:27  Zergling x2  
  24  5:28  Zergling x2  
  26  5:40  Zergling x6  
  26  5:43  Zergling x2  
  23  5:54  Zergling x2, Queen  
  25  6:06  Zergling x2  
  23  6:11  Zergling x2  
  23  6:17  Zergling x2  
  24  6:22  Baneling x2  
  24  6:25  Zergling x2  
  25  6:31  Zergling x2  
  26  6:37  Zergling x2  
  27  6:46  Zergling x2  
  28  6:55  Baneling x2  
  28  6:56  Baneling  
  28  6:57  Zergling x2, Baneling  
  29  7:02  Baneling x2  
  29  7:11  Overlord  
  25  7:25  Zergling x6  
  20  7:35  Zergling x4  
  20  7:40  Zergling x2  
  19  7:56  Zergling x4  
  21  8:06  Zergling x2  
  19  8:13  Zergling x2  
  19  8:15  Baneling  
  19  8:16  Baneling  
  20  8:22  Zergling x2  
Tags
 
Add a new tag
Caveats
  • Supply blocks, unpowered buildings, or Contaminate may cause inaccurate times.
  • Supply counts are checked every 10 seconds.